 Dungeon Crawl Stone Soup version 0.19.1-1-g22dce08 (webtiles) character file.

991 Jaskiniowiec the Magician (level 8, -6/41 HPs)
             Began as a Gargoyle Earth Elementalist on Jan 5, 2017.
             Mangled by a gnoll sergeant
             ... wielding a +1 antimagic trident
              (11 damage)
             ... on level 6 of the Dungeon.
             The game lasted 00:19:27 (7807 turns).

Jaskiniowiec the Magician (GrEE)                    Turns: 7807, Time: 00:19:27

Health: -6/41      AC:  9    Str: 13    XL:     8   Next: 18%
Magic:  1/17       EV: 12    Int: 17    God:
Gold:   213        SH:  0    Dex: 10    Spells: 3 memorised, 11 levels left

rFire  . . .     SeeInvis .     o - +3 quarterstaff (chaos)
rCold  . . .     Gourm    .     c - +0 robe
rNeg   + . .     Faith    .     (shield currently unavailable)
rPois  ∞         Spirit   .     (no helmet)
rElec  +         Reflect  .     p - +1 cloak
rCorr  .         Harm     .     (no gloves)
MR     +....                    (no boots)
Stlth  ++........               g - amulet of magic regeneration
                                (no ring)
                                k - ring of protection from magic

@: very slightly contaminated
A: negative energy resistance 1, electricity resistance, unbreathing,
petrification resistance, rot immunity, AC +5
a: no special abilities


You were on level 6 of the Dungeon.
You were not hungry.

You visited 1 branch of the dungeon, and saw 6 of its levels.

You collected 213 gold pieces.

Inventory:

Hand Weapons
 a - a +0 club
 f - a +2 flail of protection
 o - a +3 quarterstaff of chaos (weapon)
 u - a +2 flail of draining
Missiles
 b - 65 stones (quivered)
Armour
 c - a +0 robe (worn)
 p - a +1 cloak (worn)
Jewellery
 g - an amulet of magic regeneration (around neck)
 k - a ring of protection from magic (left hand)
Scrolls
 r - a scroll of teleportation
 t - a scroll of immolation
Potions
 h - a potion of lignification
 j - 4 potions of flight
 l - a potion of ambrosia
 n - a potion of berserk rage {unknown}
 q - a potion of haste {unknown}
Books
 e - a book of Geomancy

   Spells                             Type                      Level
   a - Sandblast                      Earth                        1
   b - Passwall                       Transmutation/Earth          2
   c - Stone Arrow                    Conjuration/Earth            3
   d - Petrify                        Transmutation/Earth          4
   e - Lee's Rapid Deconstruction     Earth                        5
Comestibles
 d - 4 bread rations
 i - 4 fruits
 s - a meat ration


   Skills:
 - Level 1.5 Dodging
 - Level 2.1 Stealth
 * Level 6.5 Spellcasting
 + Level 4.4 Conjurations
   Level 0.7 Transmutations
 + Level 6.4 Earth Magic


You had 11 spell levels left.
You knew the following spells:

 Your Spells              Type           Power        Failure   Level  Hunger
a - Sandblast             Erth           ####..       1%          1    None
b - Stone Arrow           Conj/Erth      ###...       4%          3    ##.....
c - Lee's Rapid Deconstr  Erth           ####......   24%         5    #####..


Dungeon Overview and Level Annotations

Branches:
Dungeon (6/15)
 Temple: D:4-7

Altars:

Annotations:
D:6 Pikel


Innate Abilities, Weirdness & Mutations

You are resistant to torment.
Your stone body is resilient. (AC +5)
You are immune to poison.
You resist negative energy. (rN+)
You are resistant to electric shocks. (rElec)
You can survive without breathing.
You are immune to petrification.
You are immune to rotting.


Message History

The gnoll sergeant hits you from afar with an antimagic trident!
* * * LOW HITPOINT WARNING * * *
A gnoll comes into view.
You feel better.
The gnoll shouts!
Pikel hits you but does no damage.
The gnoll moves out of view.
You closely miss Pikel.
Pikel is severely wounded.
The gnoll sergeant hits you from afar with an antimagic trident.
* * * LOW HITPOINT WARNING * * *
Pikel hits you with a whip of freezing.
* * * LOW HITPOINT WARNING * * *
Pikel freezes you.
* * * LOW HITPOINT WARNING * * *
The gnoll sergeant hits you but does no damage.
You closely miss Pikel.
Pikel is severely wounded.
Pikel hits you but does no damage.
The gnoll sergeant hits you from afar with an antimagic trident!
You die...

###
########.######.#
.......p(......F.
#pp.p......
#K#..p.....
#@#..#.....
#.#..# ....
#.g... ..#
###..## .# #... #
##.# .# .


You could see Pikel, 3 slaves and a gnoll sergeant.

Vanquished Creatures
  The ghost of McKennaii the Magician, an amateur HEWz (D:4)
  2 centaurs (D:5)
  The ghost of cuckmaster the Stinger, a weakling OpVM (D:3)
  2 hounds (D:4)
  Crazy Yiuf (D:4)
  4 orc wizards
  Jessica (D:2)
  2 iguanas
  A worker ant (D:4)
  8 gnolls
  6 adders
  An adder zombie (D:3)
  3 worms
  4 dart slugs
  4 leopard geckos
  20 orcs
  8 giant cockroaches
  4 goblins
  2 hobgoblins
  5 jackals
  3 kobolds
  4 quokkas
  4 ball pythons
  7 bats
  8 frilled lizards
  5 rats
111 creatures vanquished.

Vanquished Creatures (collateral kills)
  A centaur (D:5)
1 creature vanquished.

Vanquished Creatures (others)
  A worm (D:5)
1 creature vanquished.

Grand Total: 113 creatures vanquished

Notes
Turn   | Place    | Note
-------+----------+-------------------------------------------
     0 | D:1      | Jaskiniowiec the Gargoyle Earth Elementalist began the quest for the Orb.
     0 | D:1      | Reached XP level 1. HP: 10/10 MP: 3/3
   591 | D:1      | Reached XP level 2. HP: 11/15 MP: 0/5
  1556 | D:2      | Found a faded altar of an unknown god.
  1558 | D:2      | Noticed Jessica
  1568 | D:2      | Killed Jessica
  1568 | D:2      | Reached XP level 3. HP: 19/19 MP: 3/7
  1573 | D:2      | Learned a level 3 spell: Stone Arrow
  2055 | D:2      | Reached XP level 4. HP: 23/24 MP: 2/9
  2796 | D:3      | Noticed cuckmaster's ghost (weakling OpVM)
  2812 | D:3      | Killed cuckmaster's ghost
  2812 | D:3      | Reached skill level 1 in Conjurations
  2812 | D:3      | Reached XP level 5. HP: 21/28 MP: 1/10
  2821 | D:3      | HP: 1/28 [orc wizard/magic dart (9)]
  3305 | D:3      | Learned a level 5 spell: Lee's Rapid Deconstruction
  4106 | D:3      | Reached skill level 5 in Earth Magic
  4106 | D:3      | Reached XP level 6. HP: 32/32 MP: 5/12
  4982 | D:4      | Noticed McKennaii's ghost (amateur HEWz)
  5076 | D:4      | Killed McKennaii's ghost
  5076 | D:4      | Reached skill level 5 in Spellcasting
  5076 | D:4      | Reached XP level 7. HP: 33/36 MP: 0/15
  5461 | D:4      | Found a runed door.
  5465 | D:4      | Noticed Crazy Yiuf
  5470 | D:4      | Killed Crazy Yiuf
  6007 | D:5      | Entered Level 5 of the Dungeon
  6502 | D:5      | HP: 1/36 [centaur (3)]
  6969 | D:5      | Reached XP level 8. HP: 23/41 MP: 17/17
  7785 | D:6      | Noticed Pikel
  7807 | D:6      | Mangled by a gnoll sergeant

Skill      XL: |  1  2  3  4  5  6  7 |
---------------+----------------------+-----
Earth Magic    | 4 5 6 |  6.4
Spellcasting   | 3 4 5 6 |  6.5
Conjurations   | 1 2 3 4 |  4.4
Dodging        | |  1.5
Stealth        | |  2.1
Transmutations | |  0.7

Action                   |  1- 3 |  4- 6 |  7- 9 || total
-------------------------+-------+-------+-------++-------
Melee: Club              |    77 |    30 |       ||   107
       Flail             |       |   153 |     8 ||   161
       Quarterstaff      |       |       |    95 ||    95
 Cast: Sandblast         |    27 |    35 |     1 ||    63
       Stone Arrow       |       |    23 |    20 ||    43
  Use: Scroll            |       |     9 |     4 ||    13
       Potion            |       |     1 |     1 ||     2
 Stab: Sleeping          |     2 |     3 |       ||     5
       Paralysed         |       |       |     2 ||     2
  Eat: Chunk             |     4 |    10 |    10 ||    24
       Fruit             |       |     1 |       ||     1
Armor: Robe              |    64 |    99 |    45 ||   208
Dodge: Dodged            |   108 |   147 |    85 ||   340
